3AA
SQUIRREL HILL PIEROGIS @ ATHLETIC CLUB KC ACADEMY
07/11/2042
 
TOP OF THE 1ST
Squirrel Hill Pierogis batting - Pitching for Athletic Club KC Academy : LHP Reggie Reed
Pitching: LHP Reggie Reed
Batting: RHB Ryan McCarty 0-0: Ball
1-0: Swinging Strike
1-1: Reached on error, E3 (Groundball, 34, EV 86.2 MPH)
Batting: SHB Aubrey Magee 0-0: Called Strike
0-1: Ball
1-1: Ball
2-1: SINGLE (Groundball, 6MD, EV 100.0 MPH)
Ryan McCarty to second
Runner from 2nd tries for 3rd, SAFE, no throw by CF
Batting: RHB Franck Morel 0-0: Called Strike
0-1: Foul Ball, location: 2F
0-2: Strikes out swinging
Batting: SHB Rodrigo Santana 0-0: Ball
1-0: Foul Ball, location: 2F
1-1: Ball
2-1: DOUBLE (Line Drive, 7LS, EV 94.4 MPH)
Ryan McCarty scores
Aubrey Magee to third
Batting: LHB George Runnalls 0-0: Foul Ball, location: 2F
0-1: Ball
1-1: Ground out U3 (Groundball, 3, EV 85.6 MPH)
Batting: LHB Todd Hunter 0-0: Foul Ball, location: 2F
0-1: Called Strike
0-2: Strikes out swinging
Top of the 1st over - 1 run, 2 hits, 1 error, 2 left on base; Squirrel Hill 1 - Athletic Club KC Academy 0
BOTTOM OF THE 1ST
Athletic Club KC Academy batting - Pitching for Squirrel Hill Pierogis : RHP Jesús Bruno
Pitching: RHP Jesús Bruno
Batting: RHB Daniel Hannaford 0-0: Called Strike
0-1: Ball
1-1: Ball
2-1: Fly out, F8 (Flyball, 89D, EV 93.1 MPH)
Batting: SHB Tosya Mndoyants 0-0: Called Strike
0-1: Ball
1-1: Ground out U3 (Groundball, 3S, EV 87.5 MPH)
Batting: RHB Neal Lewis 0-0: Called Strike
0-1: Foul Ball, location: 2F
0-2: Foul Ball, location: 2F
0-2: Ball
1-2: Ball
2-2: Ball
3-2: Fly out, F7 (Line Drive, 7, EV 100.6 MPH)
Bottom of the 1st over - 0 runs, 0 hits, 0 errors, 0 left on base; Squirrel Hill 1 - Athletic Club KC Academy 0
TOP OF THE 2ND
Squirrel Hill Pierogis batting - Pitching for Athletic Club KC Academy : LHP Reggie Reed
Batting: LHB Luis Escribano 0-0: Called Strike
0-1: Ball
1-1: Ball
2-1: SINGLE (Groundball, 4M, EV 103.1 MPH) (infield hit)
Batting: LHB António Muńóz 0-0: Foul Ball, location: 2F
0-1: Ball
1-1: Called Strike
1-2: Ball
2-2: Strikes out swinging
Batting: RHB Ed Tinker 0-0: Ball
1-0: Ball
2-0: Ball
3-0: Base on Balls
Luis Escribano to second
Batting: RHB Ryan McCarty 0-0: Called Strike
0-1: Foul Ball, location: 2F
0-2: Foul Ball, location: 2F
0-2: Ball
1-2: Fly out, F9 (Flyball, 89D, EV 95.6 MPH)
Batting: SHB Aubrey Magee 0-0: Ball
1-0: Foul Ball, location: 2F
1-1: Called Strike
1-2: Strikes out swinging
Top of the 2nd over - 0 runs, 1 hit, 0 errors, 2 left on base; Squirrel Hill 1 - Athletic Club KC Academy 0
BOTTOM OF THE 2ND
Athletic Club KC Academy batting - Pitching for Squirrel Hill Pierogis : RHP Jesús Bruno
Batting: LHB Ron Whitney 0-0: Swinging Strike
0-1: Ball
1-1: Ball
2-1: Called Strike
2-2: Strikes out swinging
Batting: RHB Tim Hendricks 0-0: Ball
1-0: Ball
2-0: Ball
3-0: Base on Balls
Batting: SHB Ross Evans 0-0: Ball
1-0: Ball
2-0: Called Strike
2-1: Fly out, F7 (Flyball, 7S, EV 73.8 MPH)
Batting: LHB Carl Zimerman 0-0: Ball
1-0: Called Strike
1-1: Called Strike
1-2: Ball
2-2: Strikes out swinging
Bottom of the 2nd over - 0 runs, 0 hits, 0 errors, 1 left on base; Squirrel Hill 1 - Athletic Club KC Academy 0
TOP OF THE 3RD
Squirrel Hill Pierogis batting - Pitching for Athletic Club KC Academy : LHP Reggie Reed
Batting: RHB Franck Morel 0-0: Swinging Strike
0-1: Called Strike
0-2: Foul Ball, location: 2F
0-2: Foul Ball, location: 2F
0-2: Ground out 5-3 (Groundball, 56, EV 79.4 MPH)
Batting: SHB Rodrigo Santana 0-0: Ball
1-0: Foul Ball, location: 2F
1-1: Ball
2-1: Foul Ball, location: 2F
2-2: Foul Ball, location: 2F
2-2: Ball
3-2: Base on Balls
Batting: LHB George Runnalls 0-0: Called Strike
0-1: Fielders Choice at 2nd, 4-6 (Groundball, 4, EV 88.1 MPH)
Batting: LHB Todd Hunter 0-0: Called Strike
0-1: Fielders Choice at 2nd, 5-4 (Groundball, 56, EV 106.9 MPH)
Top of the 3rd over - 0 runs, 0 hits, 0 errors, 1 left on base; Squirrel Hill 1 - Athletic Club KC Academy 0
BOTTOM OF THE 3RD
Athletic Club KC Academy batting - Pitching for Squirrel Hill Pierogis : RHP Jesús Bruno
Batting: LHB Octávio Castaneda 0-0: Ball
1-0: Called Strike
1-1: Ball
2-1: Ball
3-1: Base on Balls
Batting: RHB Matt Evans 0-0: Foul Ball, location: 2F
0-1: Ball
1-1: DOUBLE (Line Drive, 9LM, EV 101.2 MPH)
Octávio Castaneda to third
Runner from 3rd tries for Home, SAFE, no throw by RF
Batting: RHB Daniel Hannaford 0-0: Foul Ball, location: 2F
0-1: Ball
1-1: Foul Ball, location: 2F
1-2: Ball
2-2: Ball
3-2: Fly out, F5 (Line Drive, 5, EV 63.8 MPH)
Batting: SHB Tosya Mndoyants 0-0: Ball
1-0: Fly out, F8 (Flyball, 8LD, EV 85.0 MPH)
Batting: RHB Neal Lewis 0-0: Ball
1-0: Called Strike
1-1: Ground out 6-3 (Groundball, 6, EV 87.5 MPH)
Bottom of the 3rd over - 1 run, 1 hit, 0 errors, 1 left on base; Squirrel Hill 1 - Athletic Club KC Academy 1
TOP OF THE 4TH
Squirrel Hill Pierogis batting - Pitching for Athletic Club KC Academy : LHP Reggie Reed
Batting: LHB Luis Escribano 0-0: Foul Ball, location: 2F
0-1: Called Strike
0-2: Ball
1-2: Ball
2-2: Foul Ball, location: 2F
2-2: Ball
3-2: Ground out 4-3 (Groundball, 4, EV 80.0 MPH)
Batting: LHB António Muńóz 0-0: Ball
1-0: Swinging Strike
1-1: Ball
2-1: Ball
3-1: Foul Ball, location: 2F
3-2: Foul Ball, location: 2F
3-2: Base on Balls
Batting: RHB Ed Tinker 0-0: Called Strike
0-1: Ball
1-1: Grounds into double play, 4-6-3 (Groundball, 4, EV 87.5 MPH)
Top of the 4th over - 0 runs, 0 hits, 0 errors, 0 left on base; Squirrel Hill 1 - Athletic Club KC Academy 1
BOTTOM OF THE 4TH
Athletic Club KC Academy batting - Pitching for Squirrel Hill Pierogis : RHP Jesús Bruno
Batting: LHB Ron Whitney 0-0: Called Strike
0-1: Ball
1-1: Called Strike
1-2: Fly out, F7 (Flyball, 7LD, EV 83.8 MPH)
Batting: RHB Tim Hendricks 0-0: Called Strike
0-1: Ball
1-1: Foul Ball, location: 2F
1-2: Foul Ball, location: 2F
1-2: Fly out, F7 (Line Drive, 7, EV 87.5 MPH)
Batting: SHB Ross Evans 0-0: Foul Ball, location: 2F
0-1: Swinging Strike
0-2: SINGLE (Line Drive, 6D, EV 100.6 MPH)
Batting: LHB Carl Zimerman 0-0: Ball
Wild Pitch!
Ross Evans to second
1-0: Called Strike
1-1: Ball
2-1: DOUBLE (Line Drive, 78D, EV 103.8 MPH)
Ross Evans scores
Batting: LHB Octávio Castaneda 0-0: Called Strike
0-1: Swinging Strike
0-2: Foul Ball, location: 2F
0-2: Ball
1-2: Fly out, F8 (Line Drive, 8LD, EV 90.6 MPH)
Bottom of the 4th over - 1 run, 2 hits, 0 errors, 1 left on base; Squirrel Hill 1 - Athletic Club KC Academy 2
TOP OF THE 5TH
Squirrel Hill Pierogis batting - Pitching for Athletic Club KC Academy : LHP Reggie Reed
Batting: RHB Ryan McCarty 0-0: Ball
1-0: Foul Ball, location: 2F
1-1: Swinging Strike
1-2: Ground out 5-3 (Groundball, 56, EV 85.0 MPH)
Batting: SHB Aubrey Magee 0-0: Swinging Strike
0-1: Foul Ball, location: 2F
0-2: Foul Ball, location: 2F
0-2: Ball
1-2: SINGLE (Groundball, 34D, EV 95.6 MPH)
Batting: RHB Franck Morel 0-0: Ball
1-0: Ball
2-0: Ground out 6-3 (Groundball, 56D, EV 96.9 MPH)
Aubrey Magee to second
Batting: SHB Rodrigo Santana 0-0: Ball
1-0: Ball
2-0: Swinging Strike
2-1: Ball
3-1: DOUBLE (Line Drive, 89D, EV 105.0 MPH)
Aubrey Magee scores
Batting: LHB George Runnalls 0-0: DOUBLE (Groundball, 3L, EV 101.9 MPH)
Rodrigo Santana scores
Batting: LHB Todd Hunter 0-0: Ball
1-0: Ball
2-0: Called Strike
2-1: Foul Ball, location: 2F
2-2: Ground out U3 (Groundball, 3S, EV 79.4 MPH)
Top of the 5th over - 2 runs, 3 hits, 0 errors, 1 left on base; Squirrel Hill 3 - Athletic Club KC Academy 2
BOTTOM OF THE 5TH
Athletic Club KC Academy batting - Pitching for Squirrel Hill Pierogis : RHP Jesús Bruno
Batting: RHB Matt Evans 0-0: Ball
1-0: Foul Ball, location: 2F
1-1: Foul Ball, location: 2F
1-2: Ball
2-2: Ball
3-2: Foul Ball, location: 2F
3-2: SINGLE (Groundball, 6MD, EV 94.4 MPH)
Batting: RHB Daniel Hannaford 0-0: Sac Bunt to 13S - play at first, batter OUT! 1-3
Matt Evans to second
Batting: SHB Tosya Mndoyants 0-0: Called Strike
0-1: Ground out 4-3 (Groundball, 4M, EV 110.0 MPH)
Matt Evans to third
Batting: RHB Neal Lewis 0-0: Ball
1-0: Foul Ball, location: 2F
1-1: SINGLE (Groundball, 6, EV 85.0 MPH) (infield hit)
Matt Evans scores
Batting: LHB Ron Whitney 0-0: Called Strike
0-1: Called Strike
0-2: Ball
1-2: Ball
2-2: Foul Ball, location: 2F
2-2: Ball
Balk!
Neal Lewis to second
3-2: Strikes out looking
Bottom of the 5th over - 1 run, 2 hits, 0 errors, 1 left on base; Squirrel Hill 3 - Athletic Club KC Academy 3
TOP OF THE 6TH
Squirrel Hill Pierogis batting - Pitching for Athletic Club KC Academy : LHP Reggie Reed
Pitching: LHP Héctor Puga
Batting: LHB Luis Escribano 0-0: Called Strike
0-1: Ball
1-1: Ground out 4-3 (Groundball, 4, EV 85.6 MPH)
Batting: LHB António Muńóz 0-0: Called Strike
0-1: Swinging Strike
0-2: Foul Ball, location: 2F
0-2: Foul Ball, location: 2F
0-2: Ball
1-2: Ground out 4-3 (Groundball, 4, EV 89.4 MPH)
Batting: RHB Ed Tinker 0-0: Swinging Strike
0-1: Swinging Strike
0-2: Ball
1-2: Foul Ball, location: 3F, Error on foul ball, E3
1-2: Strikes out swinging
Top of the 6th over - 0 runs, 0 hits, 1 error, 0 left on base; Squirrel Hill 3 - Athletic Club KC Academy 3
BOTTOM OF THE 6TH
Athletic Club KC Academy batting - Pitching for Squirrel Hill Pierogis : RHP Jesús Bruno
Batting: RHB Tim Hendricks 0-0: Called Strike
0-1: Fly out, F8 (Flyball, 8RD, EV 100.6 MPH)
Batting: SHB Ross Evans 0-0: Ball
1-0: Ball
2-0: Called Strike
2-1: Foul Ball, location: 2F
2-2: Strikes out swinging
Batting: LHB Carl Zimerman 0-0: Called Strike
0-1: Ground out 4-3 (Groundball, 4M, EV 81.2 MPH)
Bottom of the 6th over - 0 runs, 0 hits, 0 errors, 0 left on base; Squirrel Hill 3 - Athletic Club KC Academy 3
TOP OF THE 7TH
Squirrel Hill Pierogis batting - Pitching for Athletic Club KC Academy : LHP Héctor Puga
Batting: RHB Ryan McCarty 0-0: Foul Ball, location: 2F
0-1: Called Strike
0-2: Foul Ball, location: 2F
0-2: Ball
1-2: Strikes out looking
Batting: SHB Aubrey Magee 0-0: Ground out 6-3 (Groundball, 56, EV 101.9 MPH)
Batting: RHB Franck Morel 0-0: Called Strike
0-1: Swinging Strike
0-2: Ball
1-2: DOUBLE (Line Drive, 3D, EV 111.9 MPH)
Batting: SHB Rodrigo Santana 0-0: Swinging Strike
0-1: Ball
1-1: Ball
2-1: Called Strike
2-2: Foul Ball, location: 2F
2-2: Ball
3-2: Ground out 4-3 (Groundball, 4, EV 104.4 MPH)
Top of the 7th over - 0 runs, 1 hit, 0 errors, 1 left on base; Squirrel Hill 3 - Athletic Club KC Academy 3
BOTTOM OF THE 7TH
Athletic Club KC Academy batting - Pitching for Squirrel Hill Pierogis : RHP Jesús Bruno
Pitching: LHP Fernando Alou
Batting: LHB Octávio Castaneda 0-0: Foul Ball, location: 2F
0-1: Ball
1-1: Ball
2-1: Ball
3-1: Called Strike
3-2: Ground out 1-3 (Groundball, 23, EV 69.4 MPH)
Batting: RHB Matt Evans 0-0: Ball
1-0: Ball
2-0: Called Strike
2-1: Ball
3-1: Base on Balls
Batting: RHB Daniel Hannaford 0-0: Ground out 5-3 (Groundball, 56S, EV 85.0 MPH)
Matt Evans to second
Batting: SHB Tosya Mndoyants 0-0: Ground out 2-3 (Groundball, 2R, EV 77.5 MPH)
Bottom of the 7th over - 0 runs, 0 hits, 0 errors, 1 left on base; Squirrel Hill 3 - Athletic Club KC Academy 3
TOP OF THE 8TH
Squirrel Hill Pierogis batting - Pitching for Athletic Club KC Academy : LHP Héctor Puga
Pitching: LHP Jorge Guarte
Batting: LHB George Runnalls 0-0: Called Strike
0-1: Foul Ball, location: 2F
0-2: Strikes out looking
Batting: LHB Todd Hunter 0-0: Called Strike
0-1: Foul Ball, location: 2F
0-2: Foul Ball, location: 2F
0-2: Ball
1-2: Strikes out swinging
Batting: LHB Luis Escribano 0-0: Ball
1-0: Ball
2-0: Swinging Strike
2-1: Called Strike
2-2: Foul Ball, location: 2F
2-2: Foul Ball, location: 2F
2-2: Ball
3-2: Base on Balls
Batting: LHB António Muńóz 0-0: Ball
1-0: Foul Ball, location: 2F
1-1: Ball
Luis Escribano steals 2nd base
2-1: Ball
3-1: Called Strike
3-2: Strikes out swinging
Top of the 8th over - 0 runs, 0 hits, 0 errors, 1 left on base; Squirrel Hill 3 - Athletic Club KC Academy 3
BOTTOM OF THE 8TH
Athletic Club KC Academy batting - Pitching for Squirrel Hill Pierogis : LHP Fernando Alou
Batting: RHB Neal Lewis 0-0: Called Strike
0-1: Ground out 1-3 (Groundball, 15, EV 91.9 MPH)
Batting: LHB Ron Whitney 0-0: Called Strike
0-1: Ball
1-1: Called Strike
1-2: Foul Ball, location: 2F
1-2: Ball
2-2: Strikes out swinging
Batting: RHB Tim Hendricks 0-0: Called Strike
0-1: Foul Ball, location: 2F
0-2: Ball
1-2: Ball
2-2: Strikes out looking
Bottom of the 8th over - 0 runs, 0 hits, 0 errors, 0 left on base; Squirrel Hill 3 - Athletic Club KC Academy 3
TOP OF THE 9TH
Squirrel Hill Pierogis batting - Pitching for Athletic Club KC Academy : LHP Jorge Guarte
Batting: RHB Ed Tinker 0-0: Called Strike
0-1: Foul Ball, location: 2F
0-2: Strikes out looking
Batting: RHB Ryan McCarty 0-0: Ground out 2-3 (Groundball, 15S, EV 63.8 MPH)
Batting: SHB Aubrey Magee 0-0: Foul Ball, location: 2F
0-1: Foul Ball, location: 2F
0-2: Strikes out looking
Top of the 9th over - 0 runs, 0 hits, 0 errors, 0 left on base; Squirrel Hill 3 - Athletic Club KC Academy 3
BOTTOM OF THE 9TH
Athletic Club KC Academy batting - Pitching for Squirrel Hill Pierogis : LHP Fernando Alou
Batting: SHB Ross Evans 0-0: Ball
1-0: Ball
2-0: Fly out, F7 (Flyball, 7LD, EV 91.9 MPH)
Pinch Hitting: RHB Mhelter Gaston 0-0: Swinging Strike
0-1: Ball
1-1: Called Strike
1-2: Fly out, F7 (Flyball, 7S, EV 85.0 MPH)
Batting: LHB Octávio Castaneda 0-0: Swinging Strike
0-1: Fly out, F9 (Flyball, 89S, EV 95.0 MPH)
Bottom of the 9th over - 0 runs, 0 hits, 0 errors, 0 left on base; Squirrel Hill 3 - Athletic Club KC Academy 3
TOP OF THE 10TH
Squirrel Hill Pierogis batting - Pitching for Athletic Club KC Academy : LHP Jorge Guarte
Pitching: LHP Gabel Ambrosius
Now at 2B: Mhelter Gaston
Batting: RHB Franck Morel 0-0: Called Strike
0-1: Ball
1-1: Foul Ball, location: 2F
1-2: Ball
2-2: Fly out, F8 (Flyball, 89D, EV 101.2 MPH)
Batting: SHB Rodrigo Santana 0-0: Swinging Strike
0-1: Ball
1-1: Swinging Strike
1-2: Strikes out swinging
Batting: LHB George Runnalls 0-0: Ball
1-0: Foul Ball, location: 2F
1-1: Foul Ball, location: 2F
1-2: Fly out, F4 (Line Drive, 4, EV 65.6 MPH)
Top of the 10th over - 0 runs, 0 hits, 0 errors, 0 left on base; Squirrel Hill 3 - Athletic Club KC Academy 3
BOTTOM OF THE 10TH
Athletic Club KC Academy batting - Pitching for Squirrel Hill Pierogis : LHP Fernando Alou
Pitching: RHP Mike Davidson
Batting: RHB Matt Evans 0-0: Ball
1-0: Ball
2-0: Ball
3-0: Called Strike
3-1: Base on Balls
Batting: RHB Daniel Hannaford 0-0: Ball
1-0: Sac Bunt to 13S - play at first, batter OUT! 1-4
Matt Evans to second
Batting: SHB Tosya Mndoyants 0-0: Intentional Walk
Batting: RHB Neal Lewis 0-0: Ball
1-0: Called Strike
1-1: Ball
2-1: Foul Ball, location: 2F
2-2: Strikes out looking
Batting: LHB Ron Whitney 0-0: Ball
1-0: Called Strike
1-1: Ball
2-1: Foul Ball, location: 2F
2-2: Foul Ball, location: 2F
2-2: SINGLE (Flyball, 78S, EV 93.8 MPH)
Matt Evans to third
Tosya Mndoyants to second
Batting: RHB Tim Hendricks 0-0: Swinging Strike
0-1: Foul Ball, location: 2F
0-2: Ground out 2-3 (Groundball, 2L, EV 66.9 MPH)
Bottom of the 10th over - 0 runs, 1 hit, 0 errors, 3 left on base; Squirrel Hill 3 - Athletic Club KC Academy 3
TOP OF THE 11TH
Squirrel Hill Pierogis batting - Pitching for Athletic Club KC Academy : LHP Gabel Ambrosius
Pinch Hitting: RHB Adam Cunningham 0-0: Called Strike
0-1: Swinging Strike
0-2: Strikes out looking
Pinch Hitting: RHB Jerry Williams 0-0: Ball
1-0: Foul Ball, location: 2F
1-1: Ball
2-1: Swinging Strike
2-2: Ground out 1-3 (Groundball, 15S, EV 68.1 MPH)
Batting: LHB António Muńóz 0-0: Called Strike
0-1: Called Strike
0-2: Strikes out swinging
Top of the 11th over - 0 runs, 0 hits, 0 errors, 0 left on base; Squirrel Hill 3 - Athletic Club KC Academy 3
BOTTOM OF THE 11TH
Athletic Club KC Academy batting - Pitching for Squirrel Hill Pierogis : RHP Mike Davidson
Pitching: RHP Freddy León
Now at 2B: David Ferris
Now at SS: Stu Roberts
Batting: SHB Ross Evans 0-0: Ball
1-0: Foul Ball, location: 2F
1-1: Swinging Strike
1-2: Strikes out swinging
Batting: RHB Mhelter Gaston 0-0: Fly out, F8 (Line Drive, 8RD, EV 90.0 MPH)
Batting: LHB Octávio Castaneda 0-0: Called Strike
0-1: Swinging Strike
0-2: Ball
1-2: Strikes out swinging
Bottom of the 11th over - 0 runs, 0 hits, 0 errors, 0 left on base; Squirrel Hill 3 - Athletic Club KC Academy 3
TOP OF THE 12TH
Squirrel Hill Pierogis batting - Pitching for Athletic Club KC Academy : LHP Gabel Ambrosius
Batting: RHB Ed Tinker 0-0: Called Strike
0-1: Called Strike
0-2: Ball
1-2: Fly out, F9 (Flyball, 89M, EV 82.5 MPH)
Batting: RHB Ryan McCarty 0-0: Ground out 5-3 (Groundball, 56, EV 101.9 MPH)
Batting: SHB Aubrey Magee 0-0: Ball
1-0: Called Strike
1-1: Ball
2-1: Swinging Strike
2-2: Ball
3-2: SINGLE (Line Drive, 9LS, EV 106.9 MPH)
Pitching: LHP José Núńez
Batting: RHB Franck Morel 0-0: Foul Ball, location: 2F
0-1: Foul Ball, location: 2F
0-2: Fly out, F4 (Popup, 4M, EV 61.9 MPH)
Top of the 12th over - 0 runs, 1 hit, 0 errors, 1 left on base; Squirrel Hill 3 - Athletic Club KC Academy 3
BOTTOM OF THE 12TH
Athletic Club KC Academy batting - Pitching for Squirrel Hill Pierogis : RHP Freddy León
Batting: RHB Matt Evans 0-0: DOUBLE (Flyball, 8LXD, EV 95.0 MPH)
Batting: RHB Daniel Hannaford 0-0: Bunt missed!
0-1: Ball
1-1: Sac Bunt to 3S - play at first, batter OUT! 3-1
Matt Evans to third
Batting: SHB Tosya Mndoyants 0-0: Intentional Walk
Batting: RHB Neal Lewis 0-0: Fly out, F7 (Line Drive, 7, EV 97.5 MPH)
Runner from 3rd tags up, SCORES, throw by LF
Friday, March 26th, 2021 - OOTP Baseball 20.8 Build 74